 Dungeon Crawl Stone Soup version 0.28-a0-845-gfc338a8e3c (webtiles) character file.

Game seed: 10646666162888681019

49 cheechan the Bolt Thrower (level 3, -2/25 HPs)
             Began as an Octopode Hunter on Nov 12, 2021.
             Slain by a gnoll (4 damage)
             ... on level 2 of the Dungeon.
             The game lasted 00:04:54 (1197 turns).

cheechan the Bolt Thrower (Octopode Hunter)         Turns: 1197, Time: 00:04:55

Health: -2/25      AC:  1    Str: 11    XL:     3   Next: 77%
Magic:  3/3        EV: 13    Int: 13    God:
Gold:   52         SH:  0    Dex: 13    Spells: 2/2 levels left

rFire   . . .      SeeInvis .   a - +1 hand crossbow
rCold   . . .      Faith    .   (no shield)
rNeg    . . .      Spirit   .   (helmet restricted)
rPois   .          Reflect  .   (no amulet)
rElec   .          Harm     .   f - ring of wizardry
rCorr   .          Rampage  .   (no ring)
Will    .....                   (no ring)
Stlth   +++.......              (no ring)
HPRegen 0.08/turn               (no ring)
MPRegen 0.08/turn               (no ring)
                                (no ring)
                                (no ring)

@: no status effects
A: almost no armour, amphibious, 8 rings, camouflage 1, gelatinous body 1,
(nimble swimmer 1), tentacles
a: no special abilities


You were on level 2 of the Dungeon.
You visited 1 branch of the dungeon, and saw 2 of its levels.

You collected 52 gold pieces.

Inventory:

Hand Weapons
 a - a +1 hand crossbow (weapon)
 b - a +0 short sword
 g - a +0 falchion
Missiles
 c - 2 bolts (quivered ammo)
Jewellery
 f - a ring of wizardry (left tentacle)
Scrolls
 d - a scroll of amnesia {unknown}
 e - a scroll of fog {unknown}


   Skills:
 + Level 2.4 Fighting
 + Level 5.0 Crossbows
 + Level 2.1 Dodging
 + Level 1.6 Stealth


You had 2 spell levels left.
You didn't know any spells.
Your spell library was empty.

Dungeon Overview and Level Annotations

Branches:
Dungeon (2/15)

Altars:


Innate Abilities, Weirdness & Mutations

You cannot wear most types of armour.
You are amphibious.
You can wear up to eight rings at the same time.
Your skin changes colour to match your surroundings (Stealth+).
Your rubbery body absorbs attacks. (AC +1, EV +1)
((You are camouflaged near water. (Stealth+)))
You have tentacles for arms and can constrict up to eight enemies at once.


Message History

Unknown command.
Fire: 6 bolts
Press: ? - help, Shift-Dir - straight line, f - gnoll
Aim: a gnoll, wielding a +0 spear (69% to hit)
You shoot a bolt. The bolt hits the gnoll!
The gnoll is severely wounded.
The gnoll hits you from afar with a +0 spear.
Unknown command.
Fire: 5 bolts
Press: ? - help, Shift-Dir - straight line, f/p - gnoll
Aim: a gnoll, wielding a +0 spear (severely wounded, 69% to hit)
You shoot a bolt. The bolt hits the gnoll.
You kill the gnoll!
The gnoll hits you with a +0 whip.
Your Crossbows skill increases to level 5!
Fire: 4 bolts
Press: ? - help, Shift-Dir - straight line, f - gnoll
Aim: a gnoll, wielding a +0 whip (lightly wounded, 69% to hit)
You shoot a bolt. The bolt completely misses the gnoll.
The gnoll hits you with a +0 whip.
* * * LOW HITPOINT WARNING * * *
Unknown command.
The gnoll barely misses you. The gnoll closely misses you.
The orc complains repeatedly, in orcish tradition.
Found a stone staircase leading down.
There is a stone staircase leading up, spattered with blood here.
Things that are here:
a bolt; a rat corpse The gnoll closely misses you.
The orc hits you but does no damage.
Fire: 3 bolts
Press: ? - help, Shift-Dir - straight line, f - orc, p - gnoll
Aim: an orc, wielding a +0 dagger and wearing a +0 leather armour (65% to hit)
You shoot a bolt. The bolt hits the orc.
The orc is heavily wounded.
The orc hits you with a +0 dagger.
* * * LOW HITPOINT WARNING * * *
The gnoll hits you with a +0 whip.
You die...

##### ##...##
#.....######..
#.......>....
###........#
#..........#
#.#.#g###..#
#g#g###..#
#g#.@##..#
#.#(##o##..#
#...<......#
###(##)###.#
#....?( .#
###...####
..... ##...##
.....


You could see 2 gnolls and an orc.

Vanquished Creatures
  A gnoll (D:2)
  A bat (D:1)
  6 endoplasms (D:1)
  3 giant cockroaches (D:1)
  5 goblins (D:1)
  5 hobgoblins (D:1)
  5 kobolds (D:1)
  A quokka (D:1)
  5 ball pythons (D:1)
  2 rats
34 creatures vanquished.

Notes
Turn   | Place    | Note
-------+----------+-------------------------------------------
     0 | D:1      | cheechan the Octopode Hunter began the quest for the Orb.
     0 | D:1      | Reached XP level 1. HP: 14/14 MP: 1/1
   199 | D:1      | Reached XP level 2. HP: 19/19 MP: 2/2
   468 | D:1      | Reached XP level 3. HP: 21/24 MP: 3/3
   678 | D:1      | HP: 1/25 [kobold (3)]
  1171 | D:2      | Reached skill level 5 in Crossbows
  1197 | D:2      | Slain by a gnoll

Illustrated notes

Levels and vault maps discovered:
D:1:      sevenhm_arrival_forest_fort_small_5, layout_basic, minmay_heptomino_d4
D:2:      layout_loops_corners, chequers_decorated_corner,
          uniq_crazy_yiuf_cottage

Skill      XL: |  1  2  3 |
---------------+----------+-----
Crossbows      | 5 |  5.0
Fighting       | |  2.4
Dodging        | |  2.1
Stealth        | |  1.6

Action                   || total
-------------------------++-------
Melee: Falchion          ||     3
       Constrict         ||     1
       Tentacles         ||     1
 Fire: Hand crossbow     ||    78
Armor: Skin              ||     2
Dodge: Dodged            ||    21

Table legend: (Time is in decaauts)
 A = Elapsed time spent in this place.
 B = Non-inter-level travel time spent in this place.
 C = Inter-level travel time spent in this place.
 D = Time resting spent in this place.
 E = Time spent auto-exploring this place.
 F = Levels seen in this place.
 G = Mean time per level.
                   A        B        C        D        E       F      G
               +--------+--------+--------+--------+--------+-----+--------+
         Total |   1217 |   1217 |      0 |    295 |      0 |   2 |  608.5 |
       Dungeon |   1217 |   1217 |      0 |    295 |      0 |   2 |  608.5 |
               +--------+--------+--------+--------+--------+-----+--------+

Top non-repeatable levels by time:
     D:1: 1180 daAuts
     D:2: 37 daAuts
